 Dungeon Crawl Stone Soup version 0.27.0-1-g7a08968 (webtiles) character file.

Game seed: 3074744714303282533

568 GodsMustBeCrazy the Skirmisher (level 7, -5/47 HPs)
             Began as a Gargoyle Fighter on Aug 7, 2021.
             Slain by a wight (11 damage)
             ... on level 4 of the Dungeon.
             The game lasted 00:12:18 (4900 turns).

GodsMustBeCrazy the Skirmisher (Gargoyle Fighter)   Turns: 4900, Time: 00:12:19

Health: -5/47      AC: 13    Str: 22    XL:     7   Next: 33%
Magic:  7/7        EV:  8    Int:  8    God:
Gold:   107        SH: 10    Dex:  9    Spells: 6/6 levels left

rFire    . . .     SeeInvis .   a - +0 war axe
rCold    . . .     Faith    .   c - +0 kite shield
rNeg     + . .     Spirit   .   n - +0 scale mail
rPois    ∞         Reflect  .   t - +0 helmet
rElec    +         Harm     .   p - +0 cloak
rCorr    .         Rampage  .   (no gloves)
Will     .....                  (no boots)
Stlth    ..........             (no amulet)
HPRegen  0.15/turn              (no ring)
MPRegen  0.10/turn              (no ring)

@: no status effects
A: sickness immunity, AC +4, negative energy resistance 1, electricity
resistance, torment resistance 1, petrification resistance
a: no special abilities


You were on level 4 of the Dungeon.
You visited 1 branch of the dungeon, and saw 4 of its levels.

You collected 107 gold pieces.

Inventory:

Hand Weapons
 a - a +0 war axe (weapon)
 b - a +0 hunting sling
Missiles
 j - 8 boomerangs (quivered)
 k - 118 arrows
 o - 10 sling bullets
 r - 10 poisoned darts
 w - 6 atropa-tipped darts
Armour
 c - a +0 kite shield (worn)
 e - a +0 helmet
 n - a +0 scale mail (worn)
 p - a +0 cloak (worn)
 t - a +0 helmet (worn)
Jewellery
 u - a ring of see invisible
Wands
 q - a wand of digging (6)
 s - a wand of flame (11)
Scrolls
 f - 3 scrolls of teleportation {unknown}
 h - 3 scrolls of identify {unknown}
 v - a scroll of enchant weapon {unknown}
 x - a scroll of vulnerability {unknown}
 y - a scroll of summoning {unknown}
 A - a scroll of fear {unknown}
Potions
 d - a potion of might
 g - a potion of brilliance {unknown}
 i - a potion of mutation {unknown}
 l - a potion of haste {unknown}
 m - 2 potions of attraction {unknown}
 z - a potion of curing {unknown}
 B - a potion of lignification {unknown}


   Skills:
 + Level 6.7 Fighting
 - Level 1.7 Axes
 - Level 3.2 Armour
 + Level 6.7 Shields


You had 6 spell levels left.
You didn't know any spells.
Your spell library contained the following spells:

 Spells                   Type           Power      Damage    Failure   Level
 Gell's Gravitas          Tloc           0%         N/A       100%        3
 Lesser Beckoning         Tloc           0%         N/A       100%        3
 Teleport Other           Tloc           0%         N/A       100%        3


Dungeon Overview and Level Annotations

Branches:
Dungeon (4/15)
 Temple: D:4-7

Altars:
Elyvilon
The Shining One

Shops:
D:1 (


Innate Abilities, Weirdness & Mutations

You are immune to sickness and miasma.
Your stone body is resilient. (AC +4)
You are immune to poison.
You resist negative energy. (rN+)
You are resistant to electric shocks. (rElec)
You are resistant to unholy torment.
You are immune to petrification.


Message History

The puff of flame hits the wight.
The wight is lightly damaged.
Aiming: Throw Flame
Press: ? - help, Shift-Dir - straight line, f/p - wight
Aim: a wight, wielding a +6 war axe and wearing a +0 robe (lightly damaged, 68% to hit)
The puff of flame misses the wight.
The wight hits you with a +6 war axe!
a - a +0 war axe (weapon)
The wight hits you with a +6 war axe.
You hit the wight.
The wight is heavily damaged.
You block the wight's attack.
You barely miss the wight.
The wight is heavily damaged.
The wight hits you with a +6 war axe. You block the wight's attack.
You barely miss the wight.
The wight is heavily damaged.
You block the wight's attack. The wight hits you with a +6 war axe!
You are too injured to fight recklessly!
You are too injured to fight recklessly!
You are too injured to fight recklessly!
You block the wight's attack. The wight hits you with a +6 war axe.
* * * LOW HITPOINT WARNING * * *
You completely miss the wight.
The wight is heavily damaged.
You block the wight's attack.
You hit the wight but do no damage.
The wight is heavily damaged.
The wight hits you but does no damage. x2
You hit the wight.
The wight is almost destroyed.
You block the wight's attack.
You hit the wight.
The wight is almost destroyed.
The wight closely misses you. The wight hits you with a +6 war axe.
* * * LOW HITPOINT WARNING * * *
You barely miss the wight.
The wight is almost destroyed.
The wight hits you with a +6 war axe!
You die...

......##≈≈......#
......##≈.(....##
......#.≈...##.##
........≈≈......#### ###
.......≈≈..........##.(.
.......≈................
.......≈...#....(.......
.........#.##........#
###......######.@.#.#
..........##.#..z.##
...............(...#
...................#
..)................#
...........##......#
....##..#####......#
...####.####†.#...##
....##...........##


You could see a wight.

Vanquished Creatures
  An ogre (D:4)
  A necrophage (D:4)
  2 scorpions (D:4)
  A jelly (D:4)
  Natasha (thrice) (D:3)
  An iguana (D:4)
  Robin (D:3)
  4 adders
  2 worms (D:2)
  A dart slug (D:4)
  2 orcs
  8 bats
  7 endoplasms
  3 giant cockroaches
  13 goblins
  9 hobgoblins
  17 jackals
  2 quokkas
  7 ball pythons
  5 frilled lizards
  4 kobolds
  3 rats (D:3)
97 creatures vanquished.

Vanquished Creatures (others)
  A goblin (D:3)
1 creature vanquished.

Grand Total: 98 creatures vanquished

Notes
Turn   | Place    | Note
-------+----------+-------------------------------------------
     0 | D:1      | GodsMustBeCrazy the Gargoyle Fighter began the quest for
                  | the Orb.
     0 | D:1      | Reached XP level 1. HP: 14/14 MP: 1/1
   159 | D:1      | You fall into a shaft and drop 1 floor!
   174 | D:2      | Reached XP level 2. HP: 19/19 MP: 2/2
   272 | D:1      | Found Kupteh's Weapon Shoppe.
   355 | D:1      | Reached XP level 3. HP: 19/24 MP: 3/3
  1813 | D:2      | Found a white marble altar of Elyvilon.
  2002 | D:2      | Reached XP level 4. HP: 30/30 MP: 4/4
  2188 | D:3      | Noticed Natasha
  2195 | D:3      | Killed Natasha
  2433 | D:3      | Noticed Natasha
  2444 | D:3      | Killed Natasha
  2445 | D:3      | Reached XP level 5. HP: 34/34 MP: 5/5
  2480 | D:3      | Noticed Natasha
  2488 | D:3      | Killed Natasha
  2489 | D:3      | Reached skill level 5 in Fighting
  2489 | D:3      | Reached skill level 5 in Shields
  2781 | D:3      | Noticed Robin
  2801 | D:3      | Killed Robin
  3285 | D:3      | Found a faded altar of an unknown god.
  3518 | D:4      | Noticed an ogre
  3531 | D:4      | Killed an ogre
  3532 | D:4      | Reached XP level 6. HP: 10/41 MP: 6/6
  4431 | D:4      | Reached XP level 7. HP: 47/47 MP: 7/7
  4848 | D:4      | Found a glowing golden altar of the Shining One.
  4900 | D:4      | Slain by a wight

Illustrated notes

Levels and vault maps discovered:
D:1:      evilmike_arrival_crescent, layout_basic, serial_shops, shop,
          st_stairs_5, minmay_misc_feat_secret_circle
D:2:      layout_rooms, basic_altar
D:3:      layout_basic, shapermc_ecumenical_altar_ellora, uniq_natasha,
          uniq_robin
D:4:      layout_cave_pools, lemuel_round_altar, chequers_serial_rivers_small_a

Skill      XL: |  1  2  3  4  5  6 |
---------------+-------------------+-----
Fighting       | 4 5 6 |  6.7
Shields        | 4 5 6 |  6.7
Axes           | |  1.7
Armour         | |  3.2

Action                   |  1- 3 |  4- 6 |  7- 9 || total
-------------------------+-------+-------+-------++-------
Melee: War axe           |   150 |   122 |    28 ||   300
 Fire: Hunting sling     |       |    70 |    10 ||    80
Throw: Boomerang         |       |     7 |       ||     7
Evoke: Wand              |       |       |     3 ||     3
Armor: Scale mail        |   122 |    92 |    10 ||   224
Dodge: Dodged            |    61 |    55 |    12 ||   128
Block: Kite shield       |   111 |   101 |    26 ||   238
